Cogmind - Beta 13 @@@ ROGUE MODE // 2024.05.10 @ 02:02:17 Player: SYPIAC Result: Destroyed by P-70 Sage with High-powered Shock Rifle Performance ------------- Evolutions (5) 2500 Regions Visited (17) 3400 Robots Destroyed (299) 1495 Value Destroyed (11551) 11551 Prototype IDs (56) 1120 Alien Tech Used (0) 0 Bonus (6260) 6260 TOTAL SCORE: 26326 Bonus ------- High Alert Combat Kills 1496 Follower Combat Kills 2667 Entered Garrisons 800 Used RIF Installer 2500 Aligned with FarCom 300 Friendly Fire -1503 Cogmind --------- Core Integrity 0/1000 Matter 274/300 Energy 77/100 System Corruption 44% Temperature Cool (0) Movement Core (50) Location -5/Factory Parts ------- > --- POWER (1) -------- (None) > --- PROPULSION (4) --- (None) > --- UTILITY (9) ------ (None) > --- WEAPON (3) ------- Axe > --- INVENTORY (5) ---- Advanced Heat Sink High-powered Tractor Beam Compact HERF Cannon Improved Remote Datajack Plasma Cutter Peak State ------------ > --- POWER ------------ Improved Quantum Reactor > --- PROPULSION ------- Improved Heavy Treads Advanced Heavy Treads > --- UTILITY ---------- Huge Storage Unit 0b10 Alert Chip Improved Launcher Guidance Computer Powered Armor Powered Armor Remote Shield Hacking Suite Relay Coupler [NC] Relay Coupler [Behemoth] > --- WEAPON ----------- Heavy Linear Accelerator Advanced Remote Datajack > --- INVENTORY -------- Reinforced Deuterium Engine Light Quantum Reactor Improved Heavy Treads Superbattery Medium Reactive Plating Medium Reflective Plating Powered Armor Improved Hardlight Generator Relay Coupler [NC] Relay Coupler [NC] Relay Coupler [Swarmer] Relay Coupler [Sentry] Relay Coupler [Hunter] Relay Coupler [Heavy] Relay Coupler [Heavy] Relay Coupler [Behemoth] Skeleton Box Compact HERF Cannon Compact HERF Cannon Helical Railgun Helical Railgun Fusion Bomb Launcher Plasma Cutter Enhanced Force Lance [Rating: 114] Favorites ----------- Power Cooled Ion Engine Engine Cooled Ion Engine Power Core Neutrino Core Reactor Improved Quantum Reactor Propulsion Armored Wheel Treads Improved Heavy Treads Leg Aluminum Leg Wheel Armored Wheel Utility Huge Storage Unit Device Remote Shield Storage Huge Storage Unit Processor 0b10 Alert Chip Hackware Relay Coupler [NC] Protection Powered Armor Weapon Cooled Pulse Rifle Energy Gun Cooled Pulse Rifle Energy Cannon Advanced Beam Cannon Ballistic Gun Helical Railgun Ballistic Cannon Heavy Linear Accelerator Launcher Fusion Bomb Launcher Special Weapon Remote Datajack Impact Weapon Flail Slashing Weapon Great Axe Piercing Weapon Enhanced Force Lance Special Melee Weapon Datajack Build | -11 -10 -10 -9 -9 -9 -8 -8 -8 -8 -8 -7 -7 -6 -6 -5 -5 -5 ------- Run | Yrd Mat Min Mat Min Exi Min Mat Gar Mat Gar Fac Gar Fac Gar Fac Was Fac Slots Evolved 10 | . . . 2 . . . 2 . . . 2 . 2 . 2 . . Power . | . . . . . . . . . . . . . . . . . . Propulsion 2 | . . . 1 . . . . . . . . . 1 . . . . Utility 7 | . . . 1 . . . 2 . . . 2 . 1 . 1 . . Weapon 1 | . . . . . . . . . . . . . . . 1 . . Parts Attached 416 | 2 23 5 30 11 . 2 28 34 23 28 21 44 19 40 49 7 50 Power 24 | . 4 1 5 . . . 3 1 . 1 . 2 . 1 4 . 2 Engine 18 | . 4 . 5 . . . 3 1 . 1 . 2 . . 2 . . Core 4 | . . 1 . . . . . . . . . . . . 2 . 1 Reactor 2 | . . . . . . . . . . . . . . 1 . . 1 Propulsion 55 | . 6 1 8 1 . . 4 4 . 4 3 5 2 3 3 1 10 Treads 35 | . 4 1 6 . . . 2 2 . 1 1 2 . 3 3 1 9 Leg 1 | . . . . . . . . . . . . . . . . . 1 Wheel 19 | . 2 . 2 1 . . 2 2 . 3 2 3 2 . . . . Hover . | . . . . . . . . . . . . . . . . . . Flight . | . . . . . . . . . . . . . . . . . . Utility 151 | 1 8 1 5 4 . . 11 11 9 9 11 11 11 10 26 1 22 Device 27 | 1 . 1 1 2 . . 4 5 . . 1 1 1 2 4 . 4 Storage 8 | . 5 . . 1 . . . . . . . . 1 . . . 1 Processor 15 | . 3 . 1 . . . 1 . . . 2 . 1 . 5 . 2 Hackware 44 | . . . . . . . 2 2 6 4 6 6 5 6 5 . 2 Protection 57 | . . . 3 1 . . 4 4 3 5 2 4 3 2 12 1 13 Artifact . | . . . . . . . . . . . . . . . . . . Weapon 186 | 1 5 2 12 6 . 2 10 18 14 14 7 26 6 26 16 5 16 Energy Gun 59 | 1 1 1 1 . . . 8 8 9 5 3 14 3 5 . . . Energy Cannon 19 | . . 1 5 3 . 1 . . . . . . . 2 2 1 4 Ballistic Gun 18 | . 2 . 2 . . . . . . . . . . 5 4 2 3 Ballistic Cannon 1 | . . . . . . . . . . . . . . 1 . . . Launcher 20 | . 1 . 3 1 . 1 1 2 1 1 1 1 1 . 2 1 3 Special Weapon 48 | . 1 . . . . . . 7 4 8 3 8 2 9 5 . 1 Impact Weapon 3 | . . . 1 1 . . 1 . . . . . . . . . . Slashing Weapon 10 | . . . . . . . . 1 . . . 3 . 4 . . 2 Piercing Weapon 7 | . . . . . . . . . . . . . . . 3 1 3 Special Melee Weapon 1 | . . . . 1 . . . . . . . . . . . . . Unidentified Prototypes 12 | . . . 4 . . . 3 . 1 . . . 1 2 . 1 . Corrupted Parts 8 | . . . . . . . . . . . . 1 . 3 . 1 3 System Corruption 45 | . . . . . . . . . . . . 6 . 20 . 6 13 Parts Lost 49 | . 1 . 1 . . . 3 3 . . . 5 . . 6 . 30 Power 7 | . 1 . 1 . . . 1 . . . . 1 . . 1 . 2 Propulsion 9 | . . . . . . . 1 1 . . . 1 . . . . 6 Utility 19 | . . . . . . . . 1 . . . 1 . . 3 . 14 Weapon 14 | . . . . . . . 1 1 . . . 2 . . 2 . 8 Highest Loss Streak 11 | . 1 . 1 . . . 1 3 . . . 2 . . 2 . 11 To Critical Strikes . | . . . . . . . . . . . . . . . . . . Average Slot Usage (%) 92 | . 99 100 97 100 100 100 99 97 95 100 99 93 88 85 80 74 81 Engine 6 | . 14 8 10 11 11 11 9 9 9 9 7 6 6 2 . . . Reactor 1 | . . . . . . . . . . . . . . 3 4 . 2 Treads 10 | . 15 14 20 13 11 11 9 8 9 9 7 6 6 7 11 11 13 Wheel 10 | . 6 14 11 19 22 22 18 18 18 18 15 10 8 4 . . . Device 5 | . 3 14 13 11 11 11 12 9 . . . . 4 5 3 . 6 Storage 8 | . 15 14 11 11 11 11 9 9 9 9 7 7 6 6 5 5 5 Processor 7 | . 9 . 1 . . . 9 9 9 9 12 7 6 6 12 6 7 Hackware 13 | . . . . . . . 3 . 19 17 26 25 25 25 20 20 10 Protection 7 | . . . 4 11 11 11 10 13 4 9 5 10 7 6 6 5 12 Energy Gun 6 | . 14 13 . . . . 14 14 13 11 7 8 6 2 . . . Energy Cannon 3 | . . . 17 20 22 21 3 . . . . . . 1 . . 5 Ballistic Gun 2 | . 12 14 3 . . . . . . . . . . 4 3 10 1 Special Weapon 2 | . . . . . . . . 2 3 6 6 3 3 1 2 . 2 Naked Turns 2 | . . . . . . . . . . . . . . . . . 2 Heaviest Build 173 | 15 50 51 60 104 104 104 115 120 119 115 118 128 128 139 164 162 173 Greatest Support 150 | 20 40 10 20 24 24 24 24 24 24 24 24 28 28 145 150 150 145 Greatest Overweight (x) 39 | . 4 5 5 8 4 4 8 5 4 4 4 10 5 4 1 1 39 Average Overweight (x) 3 | . 1 4 4 4 4 4 4 4 3 4 3 6 4 2 . . 1 Largest Inventory Capacity 25 | 8 20 20 20 25 25 25 25 25 25 25 25 25 25 25 25 25 25 Average Capacity 23 | 8 14 20 20 23 25 25 25 25 25 25 25 25 25 25 25 25 24 Most Carried 25 | 7 20 20 20 22 25 25 25 25 25 25 25 25 25 25 25 25 25 Average Carried 21 | 6 12 19 19 20 23 25 22 23 24 24 24 23 22 24 22 24 19 Final Capacity 25 | 8 20 20 20 25 25 25 25 25 25 25 25 25 25 25 25 25 5 Final Carried 25 | 7 19 20 20 21 25 25 22 25 24 25 23 25 23 25 23 25 5 Class Distribution -------------------- 31% | Mutant 29% | Bothacker-Mutant 18% | Botlord-Mutant 5% | Botlord-Tank 5% | Scavenger-Mutant Dominant Class ---------------- Mutant | -10/Materials Mutant | -10/Mines Mutant | -9/Materials Mutant | -9/Mines Mutant | -9/Exiles Mutant | -8/Mines Mutant | -8/Materials Scavenger-Mutant | -8/Garrison Bothacker-Mutant | -8/Materials Bothacker-Mutant | -8/Garrison Bothacker-Mutant | -7/Factory Bothacker-Mutant | -7/Garrison Botlord-Mutant | -6/Factory Botlord-Mutant | -6/Garrison Botlord-Tank | -5/Factory Bothacker-Tank | -5/Waste Bothacker-Mutant | -5/Factory Resources | -11 -10 -10 -9 -9 -9 -8 -8 -8 -8 -8 -7 -7 -6 -6 -5 -5 -5 ----------- Run | Yrd Mat Min Mat Min Exi Min Mat Gar Mat Gar Fac Gar Fac Gar Fac Was Fac Matter Collected 8409 | 213 288 113 351 110 . 19 336 430 396 468 398 668 219 816 2108 360 1116 Remotely . | . . . . . . . . . . . . . . . . . . Salvage Created 15250 | 55 734 56 895 130 . 153 1786 953 359 612 162 1115 609 1066 2779 1173 2613 Parts 613 | 4 44 3 58 7 . 3 80 37 14 21 10 51 19 30 106 5 121 Haulers Intercepted 12 | . 2 . 6 . . . 2 . 2 . . . . . . . . Recyclers Shooed 13 | . 3 . . . . . . . . . . . . . 7 . 3 Parts Field Recycled . | . . . . . . . . . . . . . . . . . . Retrieved Matter . | . . . . . . . . . . . . . . . . . . Parts Self-Destructed . | . . . . . . . . . . . . . . . . . . Prevented . | . . . . . . . . . . . . . . . . . . Kills | -11 -10 -10 -9 -9 -9 -8 -8 -8 -8 -8 -7 -7 -6 -6 -5 -5 -5 ------- Run | Yrd Mat Min Mat Min Exi Min Mat Gar Mat Gar Fac Gar Fac Gar Fac Was Fac Combat Hostiles Destroyed 226 | . 17 1 14 8 . 3 29 19 5 10 4 11 3 6 46 6 44 Melee 18 | . . . . . . . . . . . . 2 . 1 4 . 11 Guns 96 | . 17 1 1 . . . 19 14 4 10 3 6 3 3 11 . 4 Cannons 60 | . . . 9 8 . 1 3 . . . . . . . 26 . 13 AOE 40 | . . . 4 . . 2 3 5 . . 1 2 . . 3 6 14 Classes Destroyed 20 | 1 6 1 1 1 . 1 2 2 . . . 1 . 2 1 1 . Worker 17 | . 2 . 2 . . . 2 . . . . . 1 . 7 . 3 Builder 10 | . . . . . . . 1 . . . . . . . 7 . 2 Tunneler 9 | 2 1 . 2 1 . . 1 . . . . . 1 . . . 1 Hauler 12 | . 2 . 6 . . . 2 . 2 . . . . . . . . Recycler 12 | . . . . . . 1 1 . . . . . 2 . 5 . 3 Operator 8 | . 2 . 2 . . . 1 . . . . . 1 . . . 2 Watcher 11 | . 1 . 1 . . . 5 . 1 . . . 1 . 1 . 1 Swarmer 36 | . 6 . 4 3 . . 6 5 1 . 1 2 1 2 . . 5 Cutter 3 | . . . . . . . . . . . . 3 . . . . . Saboteur 2 | . . . . . . . . . . . . . . 1 . . 1 Grunt 111 | . 11 . 5 . . 3 16 9 2 5 2 . 4 . 32 . 22 Brawler 4 | . . . 1 . . . . . . . . 1 . . 2 . . Duelist 6 | . . . . . . . . 1 . . . . . 1 3 . 1 Protector 1 | . . . . . . . . . . . . . . . 1 . . Sentry 26 | . . 1 4 . . . 6 2 2 3 . 4 . 1 . . 3 Hunter 13 | . . . . . . . 1 1 . 1 . . 1 . 3 . 6 Programmer 17 | . . . . . . . . 1 . 2 1 1 . . 6 . 6 Compactor 6 | . . . . . . . . . . . . . . . . 6 . Executioner 1 | . . . . . . . . . . . . . . 1 . . . Assembled 5 | . . . . 5 . . . . . . . . . . . . . Savage 1 | . . . . . . . . . . 1 . . . . . . . Best Kill Streak 17 | 1 4 1 4 3 . 4 9 12 2 3 2 3 4 2 9 3 17 Combat Bots Only 14 | . 4 1 4 3 . 3 9 12 1 3 2 3 2 2 4 3 14 Max Kills in Single Turn 7 | 1 1 1 3 1 . 2 2 2 1 2 1 2 7 1 3 1 4 Gunslinging 1 | . . . . . . . . 1 . . . . . . . . . Exploded 3 | . . . 3 . . 1 2 2 . . 1 2 . . 2 1 2 Melee 1 | . . . . . . . . . . . . 1 . 1 1 . 1 Uniques/NPCs Destroyed . | . . . . . . . . . . . . . . . . . . Combat | -11 -10 -10 -9 -9 -9 -8 -8 -8 -8 -8 -7 -7 -6 -6 -5 -5 -5 -------- Run | Yrd Mat Min Mat Min Exi Min Mat Gar Mat Gar Fac Gar Fac Gar Fac Was Fac Hostile Shots Fired 1456 | . 89 19 43 21 . 3 128 78 17 72 13 188 16 54 237 . 478 Missed 391 | . 23 5 17 6 . 1 36 23 2 18 4 72 6 14 56 . 108 Damage Taken 16652 | . 716 189 352 130 . 31 1012 775 245 893 201 1378 343 456 3213 44 6674 Core 1826 | . 178 41 48 20 . . 96 56 42 83 12 171 . 74 262 12 731 Absorbed by Shields 1514 | . . . . . . . 300 . . . . . 47 78 561 . 528 Reduced by Siege Mode 183 | . . . . . . . . . . . . . . . 126 . 57 Ignored by Resistances 508 | . . . . . . . . . . . 16 36 26 . 52 . 378 Regen/Repaired (Parts) 409 | . . . . . . . 92 . 112 . . . . . 205 . . Core Remaining (%) 68 | 100 . 12 . . . 83 . . . 49 . 73 . 91 . . . Volleys Fired 966 | 5 81 7 45 19 . 4 103 71 55 53 65 54 42 70 170 23 99 Largest 3 | 2 2 2 2 2 . 2 2 2 2 2 1 2 1 2 2 3 3 Hottest 212 | 100 100 70 136 136 . 136 136 120 120 100 60 120 60 115 177 165 212 Shots Fired 1344 | 10 160 10 70 38 . 5 189 99 70 69 65 67 42 77 213 27 133 Gun 704 | 10 158 10 6 . . . 134 78 36 47 17 43 17 37 80 7 24 Cannon 347 | . . . 60 38 . 2 52 . . . . . . 12 92 1 90 Launcher 58 | . . . 4 . . 3 3 4 2 1 1 2 . . 7 19 12 Special 235 | . 2 . . . . . . 17 32 21 47 22 25 28 34 . 7 Kinetic 289 | 3 72 3 6 . . . . . . . . . . 28 146 7 24 Thermal 498 | 7 88 7 60 38 . 2 88 80 27 27 16 15 17 1 . . 25 Explosive 58 | . . . 4 . . 3 3 4 2 1 1 2 . . 7 19 12 Electromagnetic 269 | . . . . . . . 98 . 9 20 1 28 . 21 26 1 65 Robot Hit Streak 35 | 3 10 2 10 6 . 1 18 15 15 28 22 22 13 16 35 5 11 Robot Miss Streak 6 | 3 5 4 3 3 . 1 5 3 4 2 2 6 2 2 3 1 5 Penetration Max 2 | . . . . . . . . . . . . . . . 2 . . Secondary Targets 13 | . . . . . . . 4 3 . 1 . . . . 5 . . Max Gunslinging Chain 1 | . . . . . . . 1 1 . 1 . . . . 1 . . Shots Hit Robots 1003 | 4 100 4 45 22 . 1 130 59 44 54 52 82 28 84 173 13 108 Core Hits 477 | 2 48 1 27 8 . 10 57 33 8 20 4 31 13 26 92 12 85 Critical Kills 4 | . . . 1 . . . . . . . . . . . 1 . 2 Critical Parts Destroyed 3 | . . . . . . . . . . . . . . 1 1 . 1 Critical Strikes 46 | 1 5 1 1 . . . 3 6 . 3 . 5 . 2 9 . 10 Burn 17 | 1 5 1 . . . . 2 5 . 3 . . . . . . . Meltdown 1 | . . . 1 . . . . . . . . . . . . . . Destroy 6 | . . . . . . . . . . . . . . 1 2 . 3 Blast 4 | . . . . . . . . . . . . . . . 4 . . Corrupt 3 | . . . . . . . 1 . . . . . . . 1 . 1 Sever 7 | . . . . . . . . 1 . . . 5 . 1 . . . Impale 8 | . . . . . . . . . . . . . . . 2 . 6 Melee Attacks 153 | . . . 4 2 . . 3 6 . . . 39 . 52 10 . 37 Impact 8 | . . . 4 1 . . 3 . . . . . . . . . . Slashing 100 | . . . . . . . . 6 . . . 39 . 52 . . 3 Piercing 44 | . . . . . . . . . . . . . . . 10 . 34 Sneak Attacks 5 | . . . . 1 . . . . . . . . . . 3 . 1 Combat Hostiles . | . . . . . . . . . . . . . . . . . . Follow-up Attacks . | . . . . . . . . . . . . . . . . . . Damage Inflicted 39748 | 41 1145 63 1172 449 . 269 3454 2455 722 1304 419 3366 924 3388 9956 3658 6963 Guns 11595 | 41 1130 63 65 . . . 2438 1523 722 1130 366 752 340 545 1967 67 446 Cannons 10017 | . . . 824 449 . 21 695 . . . . . . 141 5417 3 2467 Explosions 11050 | . . . 281 . . 248 321 616 . 174 53 292 584 . 1994 3588 2899 Melee 6962 | . . . . . . . . 316 . . . 2322 . 2702 499 . 1123 Ramming 124 | . 15 . 2 . . . . . . . . . . . 79 . 28 Kinetic 7911 | 16 429 37 65 . . . . . . . . . . 400 6451 67 446 Thermal 9441 | 25 701 26 824 449 . 21 1367 1523 644 880 342 370 340 . 871 . 1058 Explosive 9465 | . . . 281 . . 248 321 616 . 118 53 292 584 . 1123 3588 2241 Electromagnetic 5845 | . . . . . . . 1766 . 78 306 24 382 . 286 933 3 2067 Impact . | . . . . . . . . . . . . . . . . . . Slashing 5396 | . . . . . . . . 316 . . . 2322 . 2702 . . 56 Piercing 1566 | . . . . . . . . . . . . . . . 499 . 1067 Highest Corruption 44 | . . . . . . . . . . 5 . 6 . 20 2 22 44 Average Corruption 15 | . . . . . . . . . . 4 . 6 . 19 1 18 26 Corruption Purged . | . . . . . . . . . . . . . . . . . . Corruption Blocked 2 | . . . . . . . . . . . . . . . 2 . . Effects 256 | . . . . . . . . . . 17 . 37 . 56 9 24 113 Message Errors 62 | . . . . . . . . . . 5 . 9 . 13 3 5 27 Matter Fused 60 | . . . . . . . . . . 6 . 10 . 13 1 6 24 Heat Flow Errors 32 | . . . . . . . . . . 3 . 3 . 7 . 5 14 Energy Discharges 35 | . . . . . . . . . . 1 . 5 . 9 . 1 19 Parts Rejected 3 | . . . . . . . . . . . . . . . . . 3 Parts Fused 1 | . . . . . . . . . . . . 1 . . . . . Data Loss (minor) 28 | . . . . . . . . . . . . 5 . 7 1 3 12 Data Loss (major) 10 | . . . . . . . . . . 1 . 1 . 3 2 . 3 Misfires 10 | . . . . . . . . . . . . 2 . 1 2 2 3 Alerts 3 | . . . . . . . . . . . . . . 2 . . 1 Misdirections 3 | . . . . . . . . . . . . . . . . . 3 Weapon Failures 9 | . . . . . . . . . . 1 . 1 . 1 . 2 4 Overload Shots 197 | . . . . . . . 29 79 27 16 16 13 17 . . . . Effects 14 | . . . . . . . 1 8 1 1 . 2 1 . . . . Energy Bleed 7 | . . . . . . . . 4 1 1 . 1 . . . . . Heat Surge 5 | . . . . . . . 1 2 . . . 1 1 . . . . Short Circuit 2 | . . . . . . . . 2 . . . . . . . . . Overflow Damage 1820 | . . . 14 27 . . 14 25 . . . 181 72 132 713 . 642 Projectiles 657 | . . . . 27 . . . . . . . . . . 420 . 210 Explosions 695 | . . . 14 . . . 14 25 . . . . 72 . 220 . 350 Melee 468 | . . . . . . . . . . . . 181 . 132 73 . 82 Knockbacks 28 | . . . . . . . . . . . . . . . 28 . . Impact . | . . . . . . . . . . . . . . . . . . Kinetic 26 | . . . . . . . . . . . . . . . 26 . . Secondary 2 | . . . . . . . . . . . . . . . 2 . . Self-Inflicted Damage 1173 | . . . 31 . . . . 17 . 77 . 115 153 . 344 44 392 Shots 21 | . . . 1 . . . . 1 . 2 . 2 2 . 5 2 6 Rammed 11 | . 2 . 1 . . . . . . . . . . . 7 . 1 Targets Rammed 12 | . 2 . 1 . . . . . . . . . . . 8 . 1 Kicked . | . . . . . . . . . . . . . . . . . . Crushed 1 | . . . . . . . . . . . . . . . 1 . . Highest Temperature 398 | 50 241 95 172 280 . 39 324 163 282 248 40 236 169 272 398 280 307 Average Temperature 68 | 23 52 39 42 103 . 19 96 39 69 48 14 61 34 82 69 97 82 Received Heat Transfer 4609 | . 282 45 150 120 . 36 497 369 99 189 60 207 43 118 812 . 1582 Effects 6 | . . . . . . . . . . 3 . 1 . . 1 . 1 Shutdowns 1 | . . . . . . . . . . . . . . . 1 . . Energy Bleed 2 | . . . . . . . . . . . . 1 . . . . 1 Interference 3 | . . . . . . . . . . 3 . . . . . . . Siege Activations 22 | . . . . . . . . . . . . . . 2 11 2 7 Total Turns 345 | . . . . . . . . . . . . . . 9 181 27 128 Longest Duration 47 | . . . . . . . . . . . . . . 6 32 14 47 Robots Corrupted 10 | . . . . . . . 4 . . . . . . 2 2 . 2 Combat Hostiles 10 | . . . . . . . 4 . . . . . . 2 2 . 2 Parts Fried 39 | . . . . . . . 15 . . 1 . 1 . 3 5 . 14 Impact Corruptions 1 | . . . . . . . . . . . . . . . 1 . . Robots Melted 3 | . . . 1 . . . . . 1 . . 1 . . . . . Combat Hostiles 2 | . . . . . . . . . 1 . . 1 . . . . . Parts Melted 38 | . 7 . 2 . . . 3 12 3 6 2 1 1 . . . 1 Heat Transferred 14749 | 148 2405 148 1517 814 . 37 2332 2325 800 1331 450 487 450 . 587 . 918 Parts Sabotaged 5 | . . . . . . . . . . . . . . 3 . . 2 Parts Stolen . | . . . . . . . . . . . . . . . . . . Parts Stripped . | . . . . . . . . . . . . . . . . . . Power Chain Reactions 1 | . . . . . . . . . . 1 . . . . . . . Alert | -11 -10 -10 -9 -9 -9 -8 -8 -8 -8 -8 -7 -7 -6 -6 -5 -5 -5 ------- Run | Yrd Mat Min Mat Min Exi Min Mat Gar Mat Gar Fac Gar Fac Gar Fac Was Fac Peak Influence 952 | 10 172 283 276 105 . 94 335 830 475 557 451 363 265 590 860 368 952 Initial 404 | . 6 34 109 20 . . 36 152 404 69 291 48 186 61 309 178 117 Average 251 | 3 59 143 97 49 . 39 149 531 155 253 132 200 114 324 386 315 538 Maximum Alert Level 3 | . . 1 1 . . . 1 3 2 2 2 1 1 2 3 1 3 Low Security (%) 54 | 100 100 59 89 100 . 100 61 7 71 42 70 64 97 26 22 17 20 Level 1 22 | . . 40 10 . . . 38 24 . 43 22 35 2 32 29 82 9 Level 2 16 | . . . . . . . . 37 27 13 7 . . 40 38 . 34 Level 3 6 | . . . . . . . . 30 . . . . . . 8 . 35 Level 4 . | . . . . . . . . . . . . . . . . . . Level 5 . | . . . . . . . . . . . . . . . . . . High Security . | . . . . . . . . . . . . . . . . . . Max Security . | . . . . . . . . . . . . . . . . . . Squads Dispatched 60 | . 6 . 4 . . . 3 . 6 . 6 . 6 . 15 . 14 Investigation 26 | . 4 . 3 . . . 2 . 2 . 3 . 3 . 6 . 3 Extermination 9 | . . . . . . . . . . . 1 . 1 . 3 . 4 Reinforcement 15 | . 2 . 1 . . . 1 . 1 . 1 . 2 . 3 . 4 Assault 5 | . . . . . . . . . . . . . . . 3 . 2 Garrison 5 | . . . . . . . . . 3 . 1 . . . . . 1 Intercept . | . . . . . . . . . . . . . . . . . . Searches Triggered . | . . . . . . . . . . . . . . . . . . Construction Impeded 3 | . . . . . . . . . . . . . . . 1 . 2 Haulers Reinforced 1 | . . . . . . . . . . . 1 . . . . . . Active Scanning Responses . | . . . . . . . . . . . . . . . . . . Cargo Convoy Interrupts 1 | . . . . . . . . . . . . . . . . . 1 Alert ID Control Effect 31 | . . . . . . . . . . 1 9 . 5 11 5 . . Stealth | -11 -10 -10 -9 -9 -9 -8 -8 -8 -8 -8 -7 -7 -6 -6 -5 -5 -5 --------- Run | Yrd Mat Min Mat Min Exi Min Mat Gar Mat Gar Fac Gar Fac Gar Fac Was Fac Distress Signals 16 | . 2 . 6 1 . . 1 . 3 . 1 . . . 1 . 1 Communications Jammed 140 | . . . . . . . . . . . . . . . 140 . . Distress Signals 140 | . . . . . . . . . . . . . . . 140 . . Times Spotted 477 | . 26 10 18 12 . 3 43 38 23 31 38 30 21 30 86 7 61 Peak Tracking Total 10 | . 6 3 4 4 . 3 9 9 9 9 5 10 4 4 7 3 7 Tactical Retreats 19 | . 2 1 . 1 . . . 1 . 1 . 2 1 1 8 . 1 Traps | -11 -10 -10 -9 -9 -9 -8 -8 -8 -8 -8 -7 -7 -6 -6 -5 -5 -5 ------- Run | Yrd Mat Min Mat Min Exi Min Mat Gar Mat Gar Fac Gar Fac Gar Fac Was Fac Traps Triggered 25 | . 2 . . . . . . 2 . 2 3 4 1 5 3 . 3 Indirectly . | . . . . . . . . . . . . . . . . . . Trap Hack Attempts . | . . . . . . . . . . . . . . . . . . Triggered . | . . . . . . . . . . . . . . . . . . Disarmed . | . . . . . . . . . . . . . . . . . . Reprogrammed 6 | . . . . . . . 6 . . . . . . . . . . Reused 2 | . . . . . . . 2 . . . . . . . . . . Traps Extracted . | . . . . . . . . . . . . . . . . . . Installed 1 | . . . . 1 . . . . . . . . . . . . . Triggered 5 | . . . . . . . 2 . . . . . . . 1 . 2 Most Traps Carried 2 | . . 2 2 1 . . . . . . . . . . . . . Machines | -11 -10 -10 -9 -9 -9 -8 -8 -8 -8 -8 -7 -7 -6 -6 -5 -5 -5 ---------- Run | Yrd Mat Min Mat Min Exi Min Mat Gar Mat Gar Fac Gar Fac Gar Fac Was Fac Machines Disabled 68 | . . . 1 . . . 3 . . 4 1 . 14 3 17 . 25 Max in Single Turn 7 | . . . 1 . . . 1 . . . . . 4 1 4 . 7 Garrison Relay 20 | . . . . . . . . 5 . 7 . 4 . 4 . . . Phase Generator 2 | . . . . . . . . . . 1 . 1 . . . . . Machines Repaired . | . . . . . . . . . . . . . . . . . . Machines Dismantled 18 | . . . . . . . . 5 . 5 . 5 . 3 . . . Machines Sabotaged . | . . . . . . . . . . . . . . . . . . Overloaded Fab Kills . | . . . . . . . . . . . . . . . . . . Hacking | -11 -10 -10 -9 -9 -9 -8 -8 -8 -8 -8 -7 -7 -6 -6 -5 -5 -5 --------- Run | Yrd Mat Min Mat Min Exi Min Mat Gar Mat Gar Fac Gar Fac Gar Fac Was Fac Machines Accessed 95 | . 7 . 9 . 2 . 13 1 8 3 17 3 7 1 16 . 8 Terminals 55 | . 5 . 6 . . . 7 1 5 3 12 3 1 1 9 . 2 Fabricators 12 | . . . . . . . . . . . 2 . 3 . 3 . 4 Repair Stations 8 | . . . 1 . . . 2 . 1 . . . 1 . 2 . 1 Recycling Units 7 | . 2 . 1 . . . 1 . 1 . 1 . 1 . . . . Scanalyzers 5 | . . . 1 . . . 2 . . . . . . . 1 . 1 Garrison Access 6 | . . . . . . . 1 . 1 . 2 . 1 . 1 . . Total Hacks 283 | . 24 . 29 . 5 . 46 2 24 6 40 6 22 2 52 . 25 Successful 164 | . 12 . 17 . 5 . 31 . 15 4 22 2 13 1 30 . 12 Failed 117 | . 12 . 11 . . . 14 2 9 2 18 4 9 1 22 . 13 Catastrophic 25 | . 1 . 3 . . . 2 . 2 1 5 1 1 1 3 . 5 Database Lockouts 2 | . . . 1 . . . 1 . . . . . . . . . . Manual 128 | . 13 . 16 . 1 . 25 . 16 2 20 . 10 1 16 . 8 Terminals 163 | . 18 . 20 . . . 28 2 14 6 28 6 2 2 29 . 8 Fabricators 40 | . . . . . . . . . . . 6 . 12 . 9 . 13 Repair Stations 24 | . . . 3 . . . 6 . 5 . . . 2 . 6 . 2 Recycling Units 15 | . 6 . 2 . . . 2 . 2 . 1 . 2 . . . . Scanalyzers 18 | . . . 4 . . . 7 . . . . . . . 5 . 2 Garrison Access 18 | . . . . . . . 3 . 3 . 5 . 4 . 3 . . Terminal Hacks 60 | . 7 . 6 . 5 . 13 . 4 3 9 2 . 1 9 . 1 Record 4 | . . . . . 4 . . . . . . . . . . . . Part Schematic 4 | . 1 . . . . . . . 1 . 2 . . . . . . Robot Schematic 2 | . . . . . . . . . . . 1 . . . 1 . . Robot Analysis 8 | . 1 . 1 . . . 3 . 1 . . . . . 2 . . Prototype ID Bank 6 | . . . 2 . . . 2 . . . 1 . . . 1 . . Open Door 1 | . . . . . . . . . . 1 . . . . . . . Open DSF 1 | . . . . . . . . . . . 1 . . . . . . Branch Access Points 1 | . . . . . . . 1 . . . . . . . . . . Emergency Access Points 4 | . . . . . . . 1 . . 1 . 1 . 1 . . . Terminal Index 3 | . . . . . . . 1 . . . 1 . . . 1 . . Alert Level 2 | . 1 . 1 . . . . . . . . . . . . . . Unreport Threat 11 | . 2 . 1 . . . 2 . 1 . 1 . . . 3 . 1 Locate Traps 1 | . 1 . . . . . . . . . . . . . . . . Reprogram Traps 1 | . . . . . . . 1 . . . . . . . . . . Recall Investigation 1 | . . . . . . . 1 . . . . . . . . . . Hauler Manifests 2 | . . . . . . . 1 . . . 1 . . . . . . Registered Components 2 | . . . 1 . . . . . 1 . . . . . . . . Zone Layout 3 | . 1 . . . . . . . . . 1 . . . 1 . . Security Stations 2 | . . . . . . . . . . 1 . 1 . . . . . Derelict Proto ID Bank 1 | . . . . . 1 . . . . . . . . . . . . Fabricator Hacks 22 | . . . . . . . . . . . 5 . 6 . 5 . 6 Network Status 4 | . . . . . . . . . . . 1 . 1 . 1 . 1 Load Schematic 12 | . . . . . . . . . . . 2 . 3 . 3 . 4 Build 6 | . . . . . . . . . . . 2 . 2 . 1 . 1 Repair Station Hacks 16 | . . . 2 . . . 4 . 4 . . . . . 5 . 1 Scan Component 9 | . . . 1 . . . 2 . 2 . . . . . 3 . 1 Repair 7 | . . . 1 . . . 2 . 2 . . . . . 2 . . Recycling Unit Hacks 6 | . 1 . 1 . . . 1 . 1 . 1 . 1 . . . . Report Inventory 6 | . 1 . 1 . . . 1 . 1 . 1 . 1 . . . . Scanalyzer 13 | . . . 4 . . . 5 . . . . . . . 3 . 1 Insert Component 7 | . . . 2 . . . 2 . . . . . . . 2 . 1 Analyze 6 | . . . 2 . . . 3 . . . . . . . 1 . . Garrison Access Hacks 5 | . . . . . . . 1 . 1 . 1 . 1 . 1 . . Unlock Access 5 | . . . . . . . 1 . 1 . 1 . 1 . 1 . . Unauthorized Hacks 42 | . 4 . 4 . . . 7 . 5 1 6 . 5 . 7 . 3 Terminals 23 | . 2 . 2 . . . 2 . 4 1 4 . 1 . 5 . 2 Track 1 | . 1 . . . . . . . . . . . . . . . . Assimilate 3 | . . . . . . . 1 . 1 . . . . . 1 . . Botnet 14 | . 1 . 1 . . . . . 2 1 3 . 1 . 3 . 2 Disrupt 1 | . . . . . . . 1 . . . . . . . . . . Operators 4 | . . . 1 . . . . . 1 . 1 . . . 1 . . Fabricators 4 | . . . . . . . . . . . 1 . 2 . . . 1 Liberate 2 | . . . . . . . . . . . 1 . 1 . . . . Recompile 2 | . . . . . . . . . . . . . 1 . . . 1 Repair Stations 3 | . . . 1 . . . 2 . . . . . . . . . . Mechanics 3 | . . . 1 . . . 2 . . . . . . . . . . Recycling Units 6 | . 2 . 1 . . . 1 . 1 . . . 1 . . . . Tunnel 6 | . 2 . 1 . . . 1 . 1 . . . 1 . . . . Scanalyzers 1 | . . . . . . . 1 . . . . . . . . . . Extract 1 | . . . . . . . 1 . . . . . . . . . . Garrison Access 5 | . . . . . . . 1 . . . 1 . 1 . 2 . . Reprogram 4 | . . . . . . . 1 . . . 1 . 1 . 1 . . Watchers 1 | . . . . . . . . . . . . . . . 1 . . Data Cores Recovered 2 | . . . 1 . . . . . . . 1 . . . . . . Used . | . . . . . . . . . . . . . . . . . . Hacking Detections 77 | . 6 . 8 . . . 9 1 6 2 16 3 5 1 14 . 6 Full Trace Events 14 | . 1 . . . . . . . 1 . 3 2 . . 5 . 2 Feedback Events . | . . . . . . . . . . . . . . . . . . Feedback Blocked . | . . . . . . . . . . . . . . . . . . Robot Schematics Acquired 2 | . . . . . . . . . . . 1 . . . 1 . . Robots Built 3 | . . . . . . . . . . . . . 3 . . . . Authchips 1 | . . . . . . . . . . . . . 1 . . . . Time 58 | . . . . . . . . . . . . . 58 . . . . Total Robot Build Rating 9 | . . . . . . . . . . . . . 9 . . . . Part Schematics Acquired 17 | . 1 . 2 . . . 10 . 1 . 2 . . . 1 . . Parts Built 9 | . . . . . . . . . . . 4 . 2 . 2 . 1 Authchips 2 | . . . . . . . . . . . . . 1 . . . 1 Time 246 | . . . . . . . . . . . 104 . 42 . 42 . 58 Total Part Build Rating 35 | . . . . . . . . . . . 12 . 8 . 8 . 7 Parts Repaired 6 | . . . 1 . . . 2 . 2 . . . . . 1 . . Time 378 | . . . 44 . . . 64 . 140 . . . . . 130 . . Parts Recycled . | . . . . . . . . . . . . . . . . . . Recycled Matter . | . . . . . . . . . . . . . . . . . . Retrieved Matter . | . . . . . . . . . . . . . . . . . . Retrieved Components . | . . . . . . . . . . . . . . . . . . Parts Scanalyzed 7 | . . . 2 . . . 2 . . . . . . . 2 . 1 Part Schematics Acquired 5 | . . . 2 . . . 2 . . . . . . . 1 . . Parts Damaged 3 | . . . 1 . . . . . . . . . . . 1 . 1 Bothacking | -11 -10 -10 -9 -9 -9 -8 -8 -8 -8 -8 -7 -7 -6 -6 -5 -5 -5 ------------ Run | Yrd Mat Min Mat Min Exi Min Mat Gar Mat Gar Fac Gar Fac Gar Fac Was Fac Used RIF Installer 5 | . . . . . . . . 1 . 2 . 1 . 1 . . . Hotswap 1 | . . . . . . . . . . 1 . . . . . . . Command Fork 1 | . . . . . . . . . . . . . . 1 . . . Signal Jammer 1 | . . . . . . . . . . . . 1 . . . . . Alert ID Control 1 | . . . . . . . . . . 1 . . . . . . . Robots Hacked 113 | . . . . 1 . . . 3 15 14 24 11 12 12 18 . 3 Non-combat 29 | . . . . . . . . . 3 . 9 . 4 . 11 . 2 Combat 84 | . . . . 1 . . . 3 12 14 15 11 8 12 7 . 1 Robot Hacks Applied 140 | . . . . 1 . . . 4 20 14 33 11 15 13 26 . 3 parse_system 6 | . . . . 1 . . . . 3 . 1 . . 1 . . . no_distress 2 | . . . . . . . . . . . 1 . . . 1 . . find_chute 2 | . . . . . . . . . . . 1 . . . 1 . . ignore_repairs 1 | . . . . . . . . . . . . . . . . . 1 find_fabricator 2 | . . . . . . . . . . . 2 . . . . . . find_dsf 1 | . . . . . . . . . . . 1 . . . . . . drop_inventory 5 | . . . . . . . . . 1 . 2 . . . 2 . . locate_stockpiles 1 | . . . . . . . . . . . 1 . . . . . . find_recycling 2 | . . . . . . . . . . . 1 . . . 1 . . ignore_parts 3 | . . . . . . . . . . . 2 . 1 . . . . find_station 1 | . . . . . . . . . . . 1 . . . . . . check_alert 1 | . . . . . . . . . . . . . . . . . 1 purge_threat 10 | . . . . . . . . . 2 . 1 . 2 . 5 . . find_terminals 1 | . . . . . . . . . . . . . 1 . . . . map_route 6 | . . . . . . . . . . . 1 . 1 . 4 . . relay_feed 1 | . . . . . . . . . . . 1 . . . . . . find_garrison 1 | . . . . . . . . . . . . . . . 1 . . link_fov 2 | . . . . . . . . . . . 1 . . . 1 . . scatter_targeting 2 | . . . . . . . . . . . . 1 . . 1 . . disrupt_area 5 | . . . . . . . . 1 1 2 . . 1 . . . . spike_heat 4 | . . . . . . . . . 1 . 1 . . 1 1 . . overload_power 1 | . . . . . . . . . . . . . . 1 . . . amplify_resonance 12 | . . . . . . . . 1 . 2 2 3 2 . 2 . . wipe_record 1 | . . . . . . . . . . . 1 . . . . . . disable_weapons 1 | . . . . . . . . . 1 . . . . . . . . reboot_system 4 | . . . . . . . . . 1 . 1 . 1 . 1 . . go_dormant 1 | . . . . . . . . . . 1 . . . . . . . overwrite_iff 22 | . . . . . . . . 1 3 5 2 3 2 6 . . . streamctrl_high 1 | . . . . . . . . . . . . 1 . . . . . formatsys_low 8 | . . . . . . . . . 2 . 2 . 2 . 2 . . formatsys_high 30 | . . . . . . . . 1 5 4 7 3 2 4 3 . 1 Relay Couplers Released 81 | . . . . . . . . 17 . 31 . 16 3 14 . . . Machine Destruction 78 | . . . . . . . . 17 . 31 . 16 . 14 . . . Programmers 3 | . . . . . . . . . . . . . 3 . . . . Attached 35 | . . . . . . . . 2 6 4 6 6 2 6 3 . . Fabnet Peak Effective % . | . . . . . . . . . . . . . . . . . . Robots Rewired 7 | . . . . . . . . 6 . . . . . 1 . . . Allies Hacked 2 | . . . . . . . . . . . . . 1 1 . . . Hacks Repelled 1 | . . . . . . . . . . . . . . 1 . . . Allies | -11 -10 -10 -9 -9 -9 -8 -8 -8 -8 -8 -7 -7 -6 -6 -5 -5 -5 -------- Run | Yrd Mat Min Mat Min Exi Min Mat Gar Mat Gar Fac Gar Fac Gar Fac Was Fac Total Allies 98 | . . 3 . . . . 1 8 10 11 19 9 14 13 9 . 1 Largest Group 9 | . . 3 1 . . . 1 6 6 3 6 6 7 9 4 . 1 Highest-Rated Group 342 | . . 40 16 . . . 10 103 77 74 167 163 161 342 113 . 85 Highest-Rated Ally 99 | . . 16 16 . . . 10 39 21 39 32 32 41 99 49 . 85 Total Orders 38 | . . . . . . . 5 6 10 2 7 . 1 3 4 . . STAY 23 | . . . . . . . 3 3 7 1 4 . 1 1 3 . . ROAM 1 | . . . . . . . . . . . . . . 1 . . . FOLLOW 14 | . . . . . . . 2 3 3 1 3 . . 1 1 . . Ally Attacks 555 | . . 33 . . . . . 41 46 58 94 43 71 90 79 . . Total Damage 10867 | . . 287 . . . . . 766 831 1015 2050 625 1356 2185 1752 . . Kills 110 | . . 9 . . . . . 12 9 11 22 3 12 17 15 . . Allies Corrupted 3 | . . . . . . . . 1 . 1 . . . . . . 1 Allies Melted 2 | . . . . . . . . . . . 1 . . 1 . . . Intel | -11 -10 -10 -9 -9 -9 -8 -8 -8 -8 -8 -7 -7 -6 -6 -5 -5 -5 ------- Run | Yrd Mat Min Mat Min Exi Min Mat Gar Mat Gar Fac Gar Fac Gar Fac Was Fac Robot Analysis Total 8 | . 1 . 1 . . . 3 . 1 . . . . . 2 . . Derelict Logs Recovered 1 | . . . . 1 . . . . . . . . . . . . . Drone Launches . | . . . . . . . . . . . . . . . . . . Drone Recoveries . | . . . . . . . . . . . . . . . . . . Exploration | -11 -10 -10 -9 -9 -9 -8 -8 -8 -8 -8 -7 -7 -6 -6 -5 -5 -5 ------------- Run | Yrd Mat Min Mat Min Exi Min Mat Gar Mat Gar Fac Gar Fac Gar Fac Was Fac Turns Passed 23828 | 73 1508 303 2050 717 397 136 2542 1717 1267 1245 1493 1630 1379 2048 2646 462 2215 Spaces Moved 11097 | 42 826 168 1099 383 262 77 1102 832 578 640 853 585 699 921 1161 175 694 Core 10 | . . . . . . . . . . . . . . . . . 10 Treads 2684 | . 230 . 5 . . . . 1 . . . . . 431 1161 175 681 Legs 276 | 42 231 . . . . . . . . . . . . . . . 3 Wheels 8127 | . 365 168 1094 383 262 77 1102 831 578 640 853 585 699 490 . . . Hover . | . . . . . . . . . . . . . . . . . . Flight . | . . . . . . . . . . . . . . . . . . Fastest Speed 50 | 120 120 140 140 150 150 150 150 150 135 150 135 150 145 145 152 160 50 Average Speed 163 | 120 139 140 151 152 150 150 150 150 149 150 146 196 156 171 174 222 245 Slowest Speed 2000 | 120 160 155 320 210 150 150 210 545 150 150 150 240 165 240 232 240 2000 Overloaded Moves . | . . . . . . . . . . . . . . . . . . Propulsion Burnouts . | . . . . . . . . . . . . . . . . . . Robots Hopped 2 | . . . . . . . . . . . . . . 2 . . . Cave-ins Triggered . | . . . . . . . . . . . . . . . . . . Exploration Rate (%) 52 | 4 84 29 64 60 61 32 69 74 34 75 28 86 22 90 31 84 21 Regions Visited 17 Branch Regions 4 Pre-discovered Areas 7 | . 2 . 1 . 1 . 1 . 1 . . . 1 . . . . Known Exits Taken 6 | . 1 . 1 . . . 1 . 1 . 1 . 1 . . . . Unknown Exits Taken 5 | 1 . 1 . 1 1 1 . . . . . . . . . . . Scrap Searched 2 | . . . . 2 . . . . . . . . . . . . . Spaces Dug 64 | . 2 . 4 1 . . 7 1 15 . 6 . 4 2 7 . 15 Terrain Destroyed 838 | . 2 . 44 1 . 26 38 24 33 10 9 10 30 4 152 199 256 Melee 11 | . . . 4 1 . . 2 . . . . . . 2 . . 2 Projectile 99 | . 2 . . . . . 12 14 8 2 6 . 5 2 36 1 11 AOE 728 | . . . 40 . . 26 24 10 25 8 3 10 25 . 116 198 243 Terrain Rammed 1 | . . . . . . . . . . . . . . . . . 1 Walls Destroyed . | . . . . . . . . . . . . . . . . . . Machines Disabled 1 | . . . . . . . . . . . . . . . . . 1 Actions | -11 -10 -10 -9 -9 -9 -8 -8 -8 -8 -8 -7 -7 -6 -6 -5 -5 -5 --------- Run | Yrd Mat Min Mat Min Exi Min Mat Gar Mat Gar Fac Gar Fac Gar Fac Was Fac Total 15140 | 54 1025 226 1411 474 267 92 1802 1167 921 828 1047 889 956 1211 1546 224 1000 Wait 1837 | 5 64 37 171 54 . 10 514 138 250 34 90 82 178 27 102 8 73 Move 11079 | 41 825 167 1098 382 261 76 1101 831 578 639 853 584 698 916 1161 174 694 Hop 2 | . . . . . . . . . . . . . . 2 . . . Pick Up 231 | 1 13 4 25 1 5 . 23 27 6 25 7 18 6 22 19 3 26 Fast Attach 95 | 1 7 2 8 2 . . 8 6 4 1 4 5 4 12 16 4 11 Attach 111 | . 4 1 3 . . . 8 5 8 6 4 9 9 4 19 1 30 Detach 58 | . 5 1 2 1 . . 2 1 5 2 2 2 7 6 15 4 3 Swap 210 | 1 12 2 19 9 . 2 12 23 11 21 13 30 6 24 14 2 9 Drop 220 | . 12 5 35 3 1 . 28 28 4 19 8 12 6 26 12 5 16 Fire 966 | 5 81 7 45 19 . 4 103 71 55 53 65 54 42 70 170 23 99 Melee 153 | . . . 4 2 . . 3 6 . . . 39 . 52 10 . 37 Ram 2 | . 1 . . . . . . . . . . . . . . . 1 Kick . | . . . . . . . . . . . . . . . . . . Crush 11 | . 1 . 1 . . . . . . . . . . . 8 . 1 Escape Stasis 74 | . . . . . . . . 10 . 6 . 30 . 28 . . . Rewire 21 | . . . . . . . . 6 . 1 . 1 . 13 . . . Trap 1 | . . . . 1 . . . . . . . . . . . . . Miscellaneous 69 | . . . . . . . . 15 . 21 1 23 . 9 . . . Route ------- -11/Scrapyard -10/Materials (discovered 4 exits: *Mat x2 / *Min x2) -10/Mines -9/Materials (discovered 2 exits: *Min x2) -9/Mines (discovered 3 exits: *Mat / *Exi / [*Zio]) -9/Exiles -8/Mines -8/Materials (discovered 4 exits: *Fac x2 / *Sto / Gar) -8/Garrison (discovered 3 exits: *Mat x3) -8/Materials (discovered 2 exits: *Fac / Gar) -8/Garrison (discovered 2 exits: *Fac x2) -7/Factory (discovered 2 exits: Low / Gar) -7/Garrison (discovered 3 exits: *Fac x3) -6/Factory -6/Garrison (discovered 3 exits: *Fac x3) -5/Factory (discovered 4 exits: [*Fac] / [*Upp x2] / Gar) -5/Waste -5/Factory History --------- Turn | Location | Event 11 | -11/Scrapyard | Discovered new exit (range 3) 74 | -11/Scrapyard | Entered Materials 74 | -10/Materials | Discovered new exit (range 15) 306 | -10/Materials | Build established: Mutant 915 | -10/Materials | Discovered new exit (range 7) 953 | -10/Materials | Core integrity fell below 50% 1176 | -10/Materials | Discovered new exit (range 18) 1394 | -10/Materials | Discovered new exit (range 13) 1451 | -10/Materials | Identified exit to Mines 1582 | -10/Materials | Entered Mines 1666 | -10/Mines | Assisted by bots powering up and referring to "LRC-V3" 1722 | -10/Mines | Found a hidden stash of uninstalled traps 1824 | -10/Mines | Discovered new exit (range 13) 1852 | -10/Mines | Core integrity fell below 20% 1885 | -10/Mines | Entered Materials 1885 | -9/Materials | Accompanied by 1 ally 1885 | -9/Materials | Evolved 2 slots: Propulsion x1, Utility x1 1885 | -9/Materials | Discovered new exit (range 8) 2144 | -9/Materials | Met 8R-AWN 2420 | -9/Materials | Central database locked down 2773 | -9/Materials | Discovered new exit (range 13) 2829 | -9/Materials | Repaired Broken Arm. Wheel 2983 | -9/Materials | Identified exit to Mines 3935 | -9/Materials | Entered Mines 3937 | -9/Mines | Followed 8R-AWN into the Mines 3950 | -9/Mines | A Derelict revealed a hidden shortcut to a safe place 3953 | -9/Mines | Met a Derelict bent on vengeance 3962 | -9/Mines | Discovered new exit (range 5) 3997 | -9/Mines | Discovered new exit (range 9) 4218 | -9/Mines | Assembled infested the area 4652 | -9/Mines | Entered Exiles 4690 | -9/Exiles | Welcomed by 8R-AWN 4740 | -9/Exiles | Learned about 8R-AWN's background 4768 | -9/Exiles | Met EX-HEX 4815 | -9/Exiles | Met EX-BIN 4836 | -9/Exiles | Aligned with FarCom system 4837 | -9/Exiles | Given EX-Vault access code 4872 | -9/Exiles | Opened EX-Vault 4882 | -9/Exiles | Found Skeleton Box 4888 | -9/Exiles | Found Superbattery 4894 | -9/Exiles | Found 0b10 Alert Chip 4928 | -9/Exiles | Warned to stay clear of 0b10 Research branches 4970 | -9/Exiles | Met EX-DEC 4976 | -9/Exiles | Learned location of Zion (-7) 5031 | -9/Exiles | Discovered new exit (range 14) 5049 | -9/Exiles | Stole three prototypes: Superbattery, 0b10 Alert Chip, Skeleton Box 5049 | -9/Exiles | Entered Mines 5176 | -8/Mines | Discovered new exit (range 5) 5185 | -8/Mines | Entered Materials 5185 | -8/Materials | Evolved 2 slots: Utility x2 5374 | -8/Materials | Repaired Arm. Wheel 5744 | -8/Materials | Repaired Med. Armor Plating 5881 | -8/Materials | Identified exit to Storage 6151 | -8/Materials | Build established: Hacker-Mutant 6308 | -8/Materials | Central database locked down 6335 | -8/Materials | Discovered new exit (range 12) 6435 | -8/Materials | Destroyed 9 combat bots 6642 | -8/Materials | Build established: Mutant 7327 | -8/Materials | Discovered new exit (range 10) 7602 | -8/Materials | Identified exit to Garrison 7727 | -8/Materials | Entered Garrison 7727 | -8/Garrison | Accompanied by 1 ally 7763 | -8/Garrison | Triggered checkpoint 7788 | -8/Garrison | Remotely autohacked Sealed Heavy Doors 8071 | -8/Garrison | Triggered checkpoint 8086 | -8/Garrison | Garrison Relay disabled 8253 | -8/Garrison | Triggered checkpoint 8271 | -8/Garrison | Triggered checkpoint 8275 | -8/Garrison | Triggered checkpoint 8323 | -8/Garrison | Lost 5 allies 8348 | -8/Garrison | Destroyed 12 combat bots 8349 | -8/Garrison | Lost 3 parts (1n1u1w) 8457 | -8/Garrison | Triggered checkpoint 8485 | -8/Garrison | Garrison Relay disabled 8654 | -8/Garrison | Build established: Scavenger-Mutant 8659 | -8/Garrison | Triggered checkpoint 8744 | -8/Garrison | Garrison Relay disabled 8777 | -8/Garrison | Garrison Relay disabled 8874 | -8/Garrison | Discovered new exit (range 15) 9013 | -8/Garrison | Installed Relay Interface Framework 9199 | -8/Garrison | Discovered new exit (range 10) 9213 | -8/Garrison | Triggered checkpoint 9224 | -8/Garrison | Discovered new exit (range 3) 9296 | -8/Garrison | Triggered checkpoint 9309 | -8/Garrison | Build established: Bothacker-Mutant 9335 | -8/Garrison | Garrison Relay disabled 9444 | -8/Garrison | Entered Materials 9444 | -8/Materials | Accompanied by 2 allies 10048 | -8/Materials | Discovered new exit (range 11) 10191 | -8/Materials | Repaired Cld. Pulse Rifle 10262 | -8/Materials | Repaired Cld. Pulse Rifle 10460 | -8/Materials | Garrison activated, responded to threat 10528 | -8/Materials | Lost 8 allies 10711 | -8/Materials | Identified exit to Garrison 10711 | -8/Materials | Entered Garrison 10711 | -8/Garrison | Accompanied by 2 allies 10713 | -8/Garrison | Triggered checkpoint 10789 | -8/Garrison | Phase Generator disabled 10821 | -8/Garrison | Triggered checkpoint 10900 | -8/Garrison | Rescued a captive Derelict 10900 | -8/Garrison | Rescued a captive Derelict 10994 | -8/Garrison | Garrison Relay disabled 11020 | -8/Garrison | Expanded RIF knowledge: Hotswap 11186 | -8/Garrison | Garrison Relay disabled 11271 | -8/Garrison | Discovered new exit (range 11) 11421 | -8/Garrison | Learned Factory security intel 11430 | -8/Garrison | Triggered checkpoint 11539 | -8/Garrison | Triggered checkpoint 11580 | -8/Garrison | Discovered new exit (range 14) 11727 | -8/Garrison | Lost 3 allies 11744 | -8/Garrison | Expanded RIF knowledge: Alert ID Control 11780 | -8/Garrison | Garrison Relay disabled 11783 | -8/Garrison | Garrison Relay disabled 11791 | -8/Garrison | Core integrity fell below 50% 11792 | -8/Garrison | Garrison Relay disabled 11830 | -8/Garrison | Garrison Relay disabled 11904 | -8/Garrison | Garrison Relay disabled 11956 | -8/Garrison | Entered Factory 11956 | -7/Factory | Accompanied by 1 ally 11956 | -7/Factory | Evolved 2 slots: Utility x2 11957 | -7/Factory | Identified exit to Lower Caves 11958 | -7/Factory | FarCom data flow suspended 11997 | -7/Factory | Identified exit to DSF 12052 | -7/Factory | Allied Derelicts emerged from ambush trap array 12262 | -7/Factory | Fabricated Arm. Wheel (x2) 12786 | -7/Factory | Lost 3 allies 13131 | -7/Factory | Allied Derelicts emerged from ambush trap array 13169 | -7/Factory | Fabricated Powered Armor? 13391 | -7/Factory | Garrison activated, responded to threat 13449 | -7/Factory | Identified exit to Garrison 13449 | -7/Factory | Entered Garrison 13449 | -7/Garrison | Accompanied by 6 allies 13493 | -7/Garrison | Triggered checkpoint 13496 | -7/Garrison | Remotely autohacked Sealed Heavy Doors 13496 | -7/Garrison | Rescued a captive Derelict 13498 | -7/Garrison | Rescued a captive Derelict 13561 | -7/Garrison | Lost 7 allies 13595 | -7/Garrison | Garrison Relay disabled 13693 | -7/Garrison | Triggered checkpoint 13768 | -7/Garrison | Lost 4 allies 14033 | -7/Garrison | Triggered checkpoint 14080 | -7/Garrison | Garrison Relay disabled 14269 | -7/Garrison | Discovered new exit (range 12) 14395 | -7/Garrison | Triggered checkpoint 14467 | -7/Garrison | Expanded RIF knowledge: Signal Jamming 14567 | -7/Garrison | Phase Generator disabled 14609 | -7/Garrison | Discovered new exit (range 9) 14731 | -7/Garrison | Garrison Relay disabled 14766 | -7/Garrison | Build established: Botlord-Mutant 14766 | -7/Garrison | Learned Factory security intel 14918 | -7/Garrison | Triggered checkpoint 14978 | -7/Garrison | Garrison Relay disabled 15058 | -7/Garrison | Discovered new exit (range 11) 15079 | -7/Garrison | Entered Factory 15079 | -6/Factory | Accompanied by 1 ally 15079 | -6/Factory | Evolved 2 slots: Propulsion x1, Utility x1 15446 | -6/Factory | Fabricated G-47 Trooper (x3) 15583 | -6/Factory | Murdered 4 allies 15852 | -6/Factory | Fabricated Powered Armor (x2) 16277 | -6/Factory | Identified exit to Garrison 16458 | -6/Factory | Entered Garrison 16458 | -6/Garrison | Accompanied by 5 allies 16560 | -6/Garrison | Triggered checkpoint 16589 | -6/Garrison | Garrison Relay disabled 16876 | -6/Garrison | Triggered checkpoint 16883 | -6/Garrison | P-60 Hacker assimilated hostile G-50 Soldier 16961 | -6/Garrison | Discovered new exit (range 9) 17006 | -6/Garrison | Triggered checkpoint 17040 | -6/Garrison | Triggered checkpoint 17136 | -6/Garrison | Expanded RIF knowledge: Command Fork 17203 | -6/Garrison | Garrison Relay disabled 17237 | -6/Garrison | Spotted Executioner 17258 | -6/Garrison | Destroyed Executioner 17280 | -6/Garrison | System corruption reached 10% 17288 | -6/Garrison | Lost 3 allies 17326 | -6/Garrison | Rewired Striker 17370 | -6/Garrison | Triggered checkpoint 17673 | -6/Garrison | Triggered checkpoint 17680 | -6/Garrison | Garrison Relay disabled 17877 | -6/Garrison | Discovered new exit (range 14) 17884 | -6/Garrison | Triggered checkpoint 17934 | -6/Garrison | Found Enh. Force Lance 17939 | -6/Garrison | Found Fusion Bomb Launcher 18290 | -6/Garrison | Triggered checkpoint 18341 | -6/Garrison | Discovered new exit (range 10) 18406 | -6/Garrison | Garrison Relay disabled 18506 | -6/Garrison | Entered Factory 18506 | -5/Factory | Accompanied by 3 allies 18506 | -5/Factory | Evolved 2 slots: Utility x1, Weapon x1 18824 | -5/Factory | Repaired Imp. Heavy Treads? 18925 | -5/Factory | Build established: Botlord-Tank 18997 | -5/Factory | Fabricated Powered Armor? 19251 | -5/Factory | Discovered new exit (range 4) 19500 | -5/Factory | Discovered new exit (range 16) 20006 | -5/Factory | First assault squad dispatched 20254 | -5/Factory | Lost 3 allies 20392 | -5/Factory | Build established: Botlord-Gunner 20786 | -5/Factory | Build established: Bothacker-Mutant 20984 | -5/Factory | Identified exit to Garrison 21129 | -5/Factory | Discovered new exit (range 5) 21152 | -5/Factory | Sucked down chute 21152 | -5/Factory | Entered Waste 21165 | -5/Waste | Spotted C-40 Crusher 21167 | -5/Waste | EMP discharged 21171 | -5/Waste | Spotted C-40 Crusher 21173 | -5/Waste | Destroyed C-40 Crusher 21174 | -5/Waste | Lost 3 allies 21183 | -5/Waste | Destroyed C-40 Crusher 21186 | -5/Waste | Spotted C-40 Crusher 21197 | -5/Waste | Destroyed C-40 Crusher 21220 | -5/Waste | Spotted C-40 Crusher 21222 | -5/Waste | Spotted C-40 Crusher 21231 | -5/Waste | Destroyed C-40 Crusher 21237 | -5/Waste | Destroyed C-40 Crusher 21254 | -5/Waste | Spotted C-40 Crusher 21259 | -5/Waste | Destroyed C-40 Crusher 21267 | -5/Waste | EMP discharged 21267 | -5/Waste | System corruption reached 10% 21284 | -5/Waste | Found Damper Plating 21319 | -5/Waste | Discovered new exit (range 15) 21367 | -5/Waste | EMP discharged 21467 | -5/Waste | EMP discharged 21567 | -5/Waste | EMP discharged 21576 | -5/Waste | Build established: Bothacker-Tank 21614 | -5/Waste | Entered Factory 21918 | -5/Factory | Spotted B-75 Beast 21946 | -5/Factory | Assimilated Beast 6a with formatsys_high 22108 | -5/Factory | Build established: Bothacker-Mutant 22660 | -5/Factory | Fabricated Imp. Heavy Treads? 22973 | -5/Factory | Destroyed 14 combat bots 22974 | -5/Factory | Lost 4 parts (1p1n2u) 23049 | -5/Factory | System corruption reached 30% 23114 | -5/Factory | First assault squad dispatched 23182 | -5/Factory | Build established: Mutant 23278 | -5/Factory | Cargo convoy interrupted 23496 | -5/Factory | Lost 3 parts (3u) 23506 | -5/Factory | Build established: Tank 23584 | -5/Factory | Garrison activated, responded to threat 23656 | -5/Factory | Core integrity fell below 50% 23697 | -5/Factory | Lost 11 parts (1p3n3u4w) 23812 | -5/Factory | Core integrity fell below 20% 23822 | -5/Factory | Released all parts (7) 23829 | -5/Factory | Destroyed by P-70 Sage with High-powered Shock Rifle Last Messages --------------- 23805_ Imp. Medium Armor Plating destroyed. 23808_ KE Penetrator destroyed. 23810_ Neutrino Reactor explodes. 23811_ System corrupted: Heat flow error (+154). 23813_ P-70 Sage resets P-70 Sage, system corruption cleaned. 23822_ Released Superbattery. 23822_ Released 0b10 Alert Chip. 23822_ Released Huge Storage Unit. 23822_ Released Relay Coupler [Behemoth]. 23822_ Released System Shield. 23822_ Released Imp. Target Analyzer. 23822_ Released Axe. 23823_ Acquired 42 matter. 23824_ Acquired Corrupted Hvy. Treads. 23824_ Integrated Corrupted Hvy. Treads (+3). 23824_ Corrupted Hvy. Treads temporarily disabled. 23826_ Acquired Axe. 23827_ System corrupted: Hvy. Treads rejected. Map ----- +----------------------------------------------------+ | ???????????????????????????? | | ???????????????????????????? | | ???????????????????????????? | | ???????????????????????????? | | ???????????????????????????? | | ???????????????????????????? | | ???????????????????????????? | | ???????????????????????????? | | ???????????????????????????? | | ???????????????????????????? | | ???????????????????????????? | | ???????#????? ???????????? | | ??????? ???? ???????????? | | ??????? ???? ???????????? | | ??????? ???? ???????????? | | ??????? ???? #???????????? | | ??????? ???? #???????????? | | ??????? ???? #???????????? | | ??????#"##### #???????????? | | ??????# ## #???????????? | | ??????# "" ## #???????????? | | ??????# "Y ## #???????????? | | ####### "" ## #???????????? | | # # ## #???????????? | | #= = # ] ## #???????????? | | # @|!#% ?#" #?########### | | # p!!!#+##### ### # | | # !![# *!=*% ##" !! | | # p* =%=%" /% %! | | # #% =*! ### %!%[ | | # ###% ## =[[% # | | # """ #?# ## *= # | | # """ #?# ## = # | | # """ #?# ## %!# | | # #?# ### ] # | | #######?#+#" #?# ####% # | | ???????????# #?#### % | | ???????????# | | ???????????+ | | ???????????# | | ???????????## ######## | | ????????????? #??????###+### | | ????????????? ?????????????? | | ????????????? ?????????????? | | ???????????????????????????? | | ???????????????????????????? | | ???????????????????????????? | | ???????????????????????????? | | ???????????????????????????? | | ???????????????????????????? | +----------------------------------------------------+ Best States ------------- Heat Dissipation 102 Energy Generation 29 Energy Capacity 1600 Matter Stores 300 Matter Capacity 300 Sight Range 18 Terrain Scan Density 210 Corruption Containment 8 Corruption Block 8 Armor Coverage 1800 Resistance: KI 30 Resistance: TH 15 Resistance: EM 90 Evasion (%) 55 Targeting Accuracy 8 Melee Accuracy 5 Launcher Accuracy 30 Target Analysis 6 Core Analysis 9 Recoil Reduction 4 Offensive Hacking 20 Defensive Hacking 10 Relay Coupler Types 5 Relay Coupler Value 112 Authchip Count 3 Item Schematics ----------------- Huge Storage Unit | -10/Materials | Hacked Arm. Wheel | -9/Materials | Scanalyzed Cld. Ion Engine | -9/Materials | Scanalyzed System Shield | -8/Materials | Scanalyzed Imp. Light Armor Plating | -8/Materials | Extracted Reflective Plating | -8/Materials | Extracted Hover Unit | -8/Materials | Extracted Aerolev Unit | -8/Materials | Extracted Deuterium Engine | -8/Materials | Extracted Actuator Array | -8/Materials | Extracted Titanium Leg | -8/Materials | Extracted Imp. Terrain Scan Processor | -8/Materials | Extracted Remote Datajack | -8/Materials | Scanalyzed Med. Armor Plating | -8/Materials | Hacked Powered Armor | -7/Factory | Hacked Arm. Huge Wheel | -7/Factory | Hacked Imp. Heavy Treads | -5/Factory | Scanalyzed Robot Schematics ------------------ G-47 Trooper | -7/Factory | Hacked P-70 Sage | -5/Factory | Hacked Fabricated ------------ Arm. Wheel | x2 | -7/Factory Powered Armor | x2 | -7/Factory G-47 Trooper | x3 | -6/Factory | Authchip Powered Armor | x2 | -6/Factory | Authchip Powered Armor | x2 | -5/Factory Imp. Heavy Treads | x1 | -5/Factory | Authchip Alien Tech Used ----------------- None Achievements -------------- Beloved Collateral Damage Pwned Challenges ------------ None Game ------ Seed MatterSniperCannon Manual? 0 Play Time 06:23:34 Cumulative 108.4 hours Start 2024.05.07 @ 19:57:35 End 2024.05.10 @ 02:02:17 Sessions 13 Manual Loads 0 Difficulty Rogue Special Mode None Game No. 42 Rogue 42 Adventurer 0 Explorer 0 Win Type - Total 4 Types 3/0/0/1/0/0/0/0/0 Lore% 49 Gallery% 64 Achievement% 48 Wizard Run 0 Options --------- Layout 1 ASCII 0 Keyboard 0 Movement Mouse Keybinds 0 Fullscreen 2 Font 24/Crisp Map View 50x35 Zoom Use 0% Tactical HUD 1 Map Filters NONE Filters NONE Steam 1 RUN: 61c9b3e2-b52f-4623-8d75-97d01cb750f2